 Dungeon Crawl Stone Soup version 0.17-a0-1562-g9b2c768 (webtiles) character file.

4614 ecbois the Cleaver (level 10, -3/93 HPs)
             Began as a Hill Orc Fighter on July 17, 2015.
             Was a Believer of Beogh (penitent).
             Slain by Warbeogh the orc warlord
             ... wielding a +0 war axe of flaming
             ... created by the wrath of Beogh
              (10 damage)
             ... on level 9 of the Dungeon on July 20, 2015.
             The game lasted 00:45:04 (7527 turns).

ecbois the Cleaver (Hill Orc Fighter)               Turns: 7527, Time: 00:45:04

Health: -3/93      AC: 15    Str: 23    XL:     10   Next: 42%
Magic:  10/10      EV:  4    Int:  8    God:    Beogh [*]
Gold:   349        SH: 17    Dex: 10    Spells: 0 memorised, 9 levels left

rFire  . . .     SeeInvis .     a - +1 war axe (elec)
rCold  . . .     Clarity  .     E - +0 plate armour
rNeg   + . .     SustAt   .     r - +0 large shield
rPois  +         Gourm    .     (no helmet)
rElec  .         Spirit   .     (no cloak)
rCorr  .         Warding  +     x - +0 pair of gloves
rMut   .         Stasis   .     (no boots)
MR     .....                    t - amulet of warding
Stlth  ..........               (no ring)
                                z - ring of poison resistance

@: about to teleport, not resistant to hostile enchantments, extremely
unstealthy
A: no striking features
a: Renounce Religion


You were on level 9 of the Dungeon.
You worshipped Beogh.
Beogh was demanding penance.
You were not hungry.

You visited 1 branch of the dungeon, and saw 9 of its levels.

You collected 535 gold pieces.
You spent 186 gold pieces at shops.

Inventory:

Hand weapons
 a - a +1 war axe of electrocution (weapon)
 y - a +1 flail of crushing
Missiles
 f - 22 sling bullets
 g - 179 stones (quivered)
 i - 40 bolts
 n - 10 poisoned bolts
Armour
 j - a +4 scale mail of magic resistance
 r - a +0 large shield (worn)
 x - a +0 pair of gloves (worn)
 E - a +0 plate armour (worn)
Jewellery
 t - an amulet of warding (around neck)
 z - a ring of poison resistance (left hand)
Magical devices
 h - a wand of cold (6)
 q - a wand of cold (7)
 C - a wand of slowing (17)
Scrolls
 b - 2 scrolls of blinking
 o - a scroll of teleportation
 p - 2 scrolls of amnesia
 s - 3 scrolls of remove curse
 w - 2 scrolls of fog
 B - 2 scrolls of recharging {unknown}
Potions
 d - a potion of might
 k - a potion of haste
 l - a potion of invisibility
 m - a potion of cure mutation
 u - 2 potions of curing
Comestibles
 c - 5 fruits
 e - 4 bread rations
 v - a chunk of flesh
 A - a slice of pizza


   Skills:
 + Level 9.8 Fighting
 + Level 9.9 Axes
 + Level 8.6 Armour
 - Level 0.7 Dodging
 - Level 0.1 Stealth
 + Level 9.0 Shields


You had 9 spell levels left.
You didn't know any spells.

Dungeon Overview and Level Annotations

Branches:
Dungeon (9/15)             Temple (0/1) D:6
   Lair: D:8-11         Orc: D:9-12

Altars:
Cheibriados
Qazlal

Shops:
D:5 ?


Message History

The orc wizard is severely wounded.
The orc wizard mumbles some strange words.
The orc wizard blinks!
You miss the orc wizard.
The orc wizard is severely wounded.
You hit Warbeogh.
Warbeogh is lightly wounded.
The orc wizard gestures wildly while chanting.
The orc wizard blinks!
Warbeogh barely misses you.
The orc wizard mumbles some strange words.
The orc wizard blinks!
Warbeogh roars a battlecry!
An orc comes into view. It is wielding a dagger.
You see here 12 gold pieces.
You see here 10 gold pieces.
As you read the scroll of teleportation, it crumbles to dust.
You feel strangely unstable.
Warbeogh hits you with a war axe of flaming!
You die...
Beogh appreciates Warbeogh's killing of a heretic priest. ... #.#### .. #oooo

#..##oo###
#..o.o))#
...###o(## .
## #$###
.#.# #o#.##
... #@...#
#()#..###
###.)#...#
#...)(.#)#
###.(#[((#
#.#.##.#
...###.)#
##. #.###
############
####.##


You could see Warbeogh the orc warlord, 3 orc warriors and 2 orcs.

Vanquished Creatures
  A hill giant (D:5)
  A two-headed ogre (D:9)
  Eustachio (D:5)
  A warg (D:9)
  Duvessa (D:4)
  An ice beast (D:5)
  4 orc warriors
  7 ogres
  3 sky beasts
  3 centaurs
  Dowan (D:4)
  3 giant frogs (D:8)
  16 killer bees
  3 scorpions
  3 hounds
  4 crimson imps
  3 iguanas
  A jelly (D:6)
  5 orc priests
  4 orc wizards
  6 worker ants
  4 gnolls (D:6)
  9 adders
  2 shadow imps
  An ooze (D:7)
  An adder skeleton (D:7)
  A worm (D:3)
  3 giant geckos
  33 orcs
  3 ball pythons
  2 bat zombies
  5 giant cockroaches
  12 goblins
  10 hobgoblins
  4 jackals
  12 kobolds
  5 quokkas
  10 bats
  2 giant gecko skeletons
  A giant gecko zombie (D:7)
  4 giant newts
  23 rats
219 creatures vanquished.

Vanquished Creatures (collateral kills)
  An orc warrior (D:8)
  3 orc wizards
  6 orcs
  A hobgoblin (D:9)
  A quokka (D:9)
12 creatures vanquished.

Vanquished Creatures (others)
  An orc wizard (D:9)
  An orc priest (D:9)
  7 orcs
9 creatures vanquished.

Grand Total: 240 creatures vanquished

Notes
Turn   | Place    | Note
--------------------------------------------------------------
     0 | D:1      | ecbois the Hill Orc Fighter began the quest for the Orb.
     0 | D:1      | Reached XP level 1. HP: 19/19 MP: 1/1
   123 | D:1      | Upgraded the game from 0.17-a0-1534-gf98da79 to 0.17-a0-1562-g9b2c768
   197 | D:1      | Reached XP level 2. HP: 24/27 MP: 2/2
   993 | D:2      | You fall through a shaft!
  1054 | D:2      | Reached skill level 4 in Fighting
  1054 | D:2      | Reached XP level 3. HP: 23/33 MP: 3/3
  1791 | D:3      | Reached XP level 4. HP: 26/40 MP: 4/4
  2203 | D:3      | Reached XP level 5. HP: 33/47 MP: 5/5
  2615 | D:4      | Noticed an ogre
  2627 | D:4      | Killed an ogre
  2927 | D:4      | Found a stormy altar of Qazlal.
  2997 | D:4      | Reached XP level 6. HP: 42/55 MP: 6/6
  3203 | D:4      | Reached skill level 5 in Fighting
  3210 | D:4      | Noticed Dowan
  3210 | D:4      | Noticed Duvessa
  3218 | D:4      | Reached skill level 5 in Shields
  3222 | D:4      | Killed Duvessa
  3234 | D:4      | Killed Dowan
  3234 | D:4      | Reached skill level 5 in Armour
  3234 | D:4      | Reached XP level 7. HP: 45/61 MP: 7/7
  3457 | D:5      | Entered Level 5 of the Dungeon
  3466 | D:5      | Found Luez's Magic Scroll Emporium.
  3478 | D:5      | Bought a scroll of blinking for 82 gold pieces
  3478 | D:5      | Bought a scroll of identify for 22 gold pieces
  3478 | D:5      | Bought a scroll of blinking for 82 gold pieces
  3528 | D:5      | Noticed Eustachio
  3540 | D:5      | Killed Eustachio
  3540 | D:5      | Reached skill level 5 in Axes
  3702 | D:5      | Noticed a hill giant
  3710 | D:5      | Killed a hill giant
  3710 | D:5      | Reached skill level 6 in Fighting
  3710 | D:5      | Reached XP level 8. HP: 45/71 MP: 8/8
  3722 | D:5      | Reached skill level 7 in Fighting
  3921 | D:5      | Became a worshipper of Beogh the Brigand
  4057 | D:5      | Found a snail-covered altar of Cheibriados.
  4450 | D:6      | Found a staircase to the Ecumenical Temple.
  4458 | D:6      | Reached XP level 9. HP: 73/79 MP: 9/9
  4475 | D:6      | Acquired Beogh's first power
  4724 | D:6      | Reached skill level 8 in Axes
  4748 | D:6      | Gained mutation: You are frail (-10% HP). [mutagenic meat]
  4749 | D:6      | Gained mutation: Your body sometimes deteriorates upon taking damage. [mutagenic meat]
  5218 | D:7      | Acquired Beogh's second power
  5459 | D:7      | Lost mutation: Your body sometimes deteriorates upon taking damage. [potion of cure mutation]
  5459 | D:7      | Lost mutation: You are frail (-10% HP). [potion of cure mutation]
  6345 | D:8      | Reached skill level 9 in Fighting
  6351 | D:8      | Acquired Beogh's third power
  6357 | D:8      | Reached XP level 10. HP: 43/91 MP: 10/10
  6897 | D:8      | Was placed under penance by Beogh
  7478 | D:9      | Was forgiven by Beogh
  7488 | D:9      | Was placed under penance by Beogh
  7515 | D:9      | Noticed Warbeogh
  7519 | D:9      | HP: 4/93 [Warbeogh the orc warlord/war axe of flaming[the wrath of Beogh] (2)]
  7527 | D:9      | Slain by Warbeogh the orc warlord

Vault maps used:
D:1:      dpeg_arrival_shrine, amethyst_killhole, minmay_close_crescents
D:2:      st_stairs_3
D:4:      lemuel_round_altar, first_bread, uniq_duvessa
D:5:      minmay_opposing_rooms, serial_shops, shop, cheibriados_altar_wand_db,
          uniq_eustachio
D:6:      minmay_temple_entry_trees, minmay_misc_feat_pillars
D:9:      erik_orc_3, uniq_erolcha

Action                   |  1- 3 |  4- 6 |  7- 9 | 10-12 || total
-------------------------+-------+-------+-------+-------++-------
Melee: War axe           |   115 |   124 |   260 |   113 ||   612
Throw: Stone             |       |     5 |       |    17 ||    22
       Tomahawk          |       |       |     2 |       ||     2
  Use: Potion            |       |     2 |    10 |     1 ||    13
       Scroll            |       |       |     8 |     1 ||     9
 Stab: Invisible         |       |       |     2 |       ||     2
       Confused          |       |       |       |     2 ||     2
       Distracted        |       |       |       |     1 ||     1
  Eat: Chunk             |     1 |     5 |     8 |     2 ||    16
       Beef jerky        |     1 |       |     1 |       ||     2
       Meat ration       |       |       |     1 |     1 ||     2
